AoeStats
← djrocalito

Coastal Forest

510326726Analyzed
2v2 RM · 1d ago on Sep 30, 2026· 54m 39s· 4 players
Game mode
Random Map
Map size
Medium (4 player)
Population
200
Speed
Normal
Resources
Standard
Victory
Conquest
Starting age
Dark Age
Ending age
Imperial Age
RankedLock teamsTeams togetherTeam positionsShared explorationLock speedFull tech treeHidden civsTurbo modeCheats
Victory
Defeat
🇩🇪 Vietnamese · Germany
915
+13
🇧🇴 Lithuanians · Bolivia
906
+14
🇧🇪 Romans · Belgium
874
-14
🇪🇸 Byzantines · Spain
834
-13
djrocalito
7:04 Loom
10:09 Feudal Age
19:29 Castle Age
18:05 Fishing Lines
18:45 Double-Bit Axe
22:18 Forging
22:09 Scale Mail Armor
24:09 Iron Casting
27:55 Horse Collar
37:02 Imperial Age
34:50 Heavy Plow
36:47 Wheelbarrow
39:32 Scale Barding Armor
42:16 Gold Mining
43:10 Elite Cataphract
46:27 Elite Varangian Guard
49:16 Chain Mail Armor
50:37 Logistica
Ernst paul
5:24 Loom
9:48 Feudal Age
14:35 Horse Collar
14:55 Double-Bit Axe
16:29 Man-at-Arms
24:50 Castle Age
25:01 Scale Mail Armor
25:11 Forging
25:05 Padded Archer Armor
24:56 Fletching
28:01 Chain Mail Armor
30:36 Pikeman
33:49 Gold Mining
36:53 Imperial Age
34:53 Elite Skirmisher
36:36 Leather Archer Armor
36:16 Bodkin Arrow
38:51 Ring Archer Armor
38:42 Capped Ram
41:04 Siege Ram
44:39 Chemistry
43:08 Halberdier
45:13 Iron Casting
44:46 Scale Barding Armor
47:54 Conscription
47:45 Heavy Plow
47:53 Long Swordsman
50:04 Gold Shaft Mining
51:08 Wheelbarrow
Tuturuu421
2:32 Loom
12:54 Feudal Age
14:30 Double-Bit Axe
19:12 Castle Age
19:23 Padded Archer Armor
20:37 Crossbowman
21:06 Horse Collar
22:54 Stone Mining
27:18 Fletching
27:43 Leather Archer Armor
28:49 Gold Mining
32:33 Stone Shaft Mining
34:28 Bow Saw
36:10 Wheelbarrow
35:40 Heavy Plow
39:06 Imperial Age
37:33 Hand Cart
38:16 Chatras
39:31 Thumb Ring
39:24 Bodkin Arrow
39:40 Forging
39:30 Scale Mail Armor
40:16 Husbandry
40:26 Bloodlines
41:12 Arson
42:41 Caravan
44:11 Crop Rotation
44:11 Elite Battle Elephant
45:21 Scale Barding Armor
47:20 Iron Casting
47:49 Elite Skirmisher
49:25 Paper Money
48:43 Imperial Skirmisher
50:55 Chain Barding Armor
52:59 Bracer
53:01 Scale Mail Armor
55:22 Chemistry
54:42 Ballistics
Edcastillo
10:56 Feudal Age
13:21 Horse Collar
13:28 Double-Bit Axe
19:11 Forging
21:53 Castle Age
21:10 Stone Mining
26:38 Scale Mail Armor
29:30 Pikeman
30:58 Wheelbarrow
30:58 Pikeman
34:09 Hand Cart
35:24 Gold Mining
36:55 Husbandry
37:06 Bloodlines
38:36 Iron Casting
38:44 Bow Saw
39:45 Chain Mail Armor
39:37 Scale Barding Armor
42:07 Squires
44:02 Arson
46:59 Heavy Plow
48:22 Chain Barding Armor
Connection lost

Rejoining the realm…

Still unreachable

The connection could not be restored.

Session expired

The server has moved on; the page needs a fresh start.